Map: Beckett Industries LE

Players

Osiris

  • Race: Terran Terran
  • League: Master

TheTiny - Winner!

  • Race: Zerg Zerg
  • League: Diamond

VOD

Have the link to the VOD?

Description

Time

  • Played on: June 13, 2021, 8:04 p.m.
  • Length: 13:03
Show
View Real Time Build Order
Export as new Build Order

Osiris Terran 

Build Orders:  

Get SALT Encoding   

  12  0:00  SCV  
  13  0:12  SCV  
  14  0:17  Supply Depot  
  14  0:24  SCV  
  15  0:38  SCV  
  16  0:43  Supply Depot  
  16  0:48  Barracks  
  16  0:56  SCV  
  17  1:00  Refinery  
  17  1:10  SCV  
  18  1:22  SCV  
  19  1:35  Marine  
  19  1:38  Orbital Command  
  20  1:54  Marine  
  20  1:55  Bunker  
  21  2:06  SCV  
  22  2:13  Factory  
  22  2:14  Marine  
  23  2:20  SCV  
  24  2:32  SCV  
  24  2:34  Marine  
  26  2:39  Command Center  
  26  2:44  SCV  
  27  2:52  Supply Depot  
  27  2:54  Marine  
  27  2:56  SCV  
  29  3:02  Factory Tech Lab  
  28  3:09  Refinery  
  28  3:13  Barracks Reactor  
  28  3:14  SCV  
  29  3:28  SCV  
  30  3:37  Starport  
  30  3:41  SCV  
  31  3:52  Orbital Command  
  31  3:53  SCV  
  32  3:56  Hellion x2  
  36  4:05  SCV  
  36  4:06  Engineering Bay  
  36  4:15  Banshee  
  28  4:17  SCV  
  21  4:31  Hellion x2  
  23  4:38  SCV  
  15  4:55  Hellion  
  8  5:12  Hellion  
  5  5:46  SCV  
  4  6:04  SCV  
  5  6:13  SCV  
  6  6:23  SCV  
  7  6:29  Marine  
  8  6:35  SCV  
  9  6:41  SCV  
  10  6:47  SCV  
  11  6:54  SCV  
  11  6:59  SCV  
  13  7:05  Hellion x2  
  17  7:13  SCV  
  17  7:14  SCV  
  19  7:29  Supply Depot  
  19  7:39  SCV x2  
  19  7:42  Siege Tank  
  19  7:43  Marine  
  25  7:51  SCV  
  26  8:02  Marine  
  26  8:05  SCV  
  28  8:10  SCV  
  29  8:14  Bunker  
  29  8:26  SCV  
  30  8:35  Supply Depot  
  30  8:37  SCV  
  30  8:40  SCV  
  32  8:47  Command Center  
  32  8:49  Marine, SCV  
  32  8:52  SCV  
  35  9:06  Siege Tank  
  35  9:07  Bunker, SCV  
  35  9:09  SCV  
  40  9:12  Marine  
  40  9:13  Supply Depot  
  41  9:19  SCV  
  42  9:24  SCV  
  43  9:31  SCV  
  43  9:33  Marine  
  43  9:36  Supply Depot  
  45  9:42  SCV  
  45  9:43  SCV  
  47  9:51  Barracks  
  47  9:54  SCV  
  48  10:00  Orbital Command  
  48  10:05  SCV  
  49  10:07  SCV  
  49  10:11  Barracks  
  50  10:18  SCV  
  50  10:19  Supply Depot  
  50  10:20  SCV  
  52  10:27  Stimpack, Marine  
  53  10:31  SCV x2  
  53  10:35  Factory Tech Lab  
  55  10:40  Bunker, SCV  
  56  10:43  SCV  
  56  10:45  Marine  
  58  10:51  SCV  
  58  10:52  SCV  
  58  10:55  SCV  
  58  10:56  Siege Tank  
  64  10:58  Barracks Reactor  
  64  11:00  Barracks Reactor  
  64  11:01  Medivac  
  64  11:02  Medivac  
  68  11:12  SCV  
  68  11:18  Marine  
  70  11:22  Supply Depot  
  67  11:25  Missile Turret  
  65  11:44  SCV x2  
  58  11:48  Marine x4  
  58  11:49  Marine  
  58  11:58  SCV  
  58  12:08  Marine x2  
  58  12:30  Marine x2  
  58  12:36  Orbital Command  
Show
View Real Time Build Order
Export as new Build Order

TheTiny Zerg - Winner!

Build Orders: Hatch First 

Get SALT Encoding   

  12  0:00  Drone  
  13  0:09  Drone  
  14  0:38  Hatchery  
  13  0:54  Spawning Pool  
  12  0:57  Drone  
  12  1:02  Extractor  
  12  1:04  Drone  
  13  1:14  Overlord  
  13  1:18  Drone  
  14  1:33  Drone  
  14  1:34  Drone  
  16  1:42  Drone  
  17  1:51  Queen  
  17  1:53  Overlord  
  20  2:14  Metabolic Boost  
  20  2:17  Zergling x4, Hatchery  
  21  2:23  Zergling x2  
  22  2:38  Baneling Nest  
  22  2:43  Zergling x2  
  22  2:52  Overlord  
  22  3:04  Zergling x8  
  26  3:16  Zergling x2  
  27  3:24  Zergling x2  
  28  3:32  Zergling x4  
  28  3:33  Zergling x4  
  32  3:39  Baneling  
  32  3:40  Baneling x4  
  32  3:46  Baneling  
  32  3:47  Zergling x4  
  32  3:48  Zergling x2  
  35  3:51  Zergling x2  
  36  4:04  Zergling x2  
  36  4:05  Zergling x8  
  35  4:12  Zergling x2  
  35  4:25  Zergling x6  
  27  4:54  Zergling x6  
  27  4:55  Zergling x2  
  31  5:04  Zergling x4  
  27  5:17  Drone  
  27  5:18  Drone x3, Queen  
  32  5:22  Lair  
  27  5:45  Drone x4  
  29  5:52  Drone x2  
  29  5:53  Drone x2  
  32  6:01  Queen  
  34  6:04  Spore Crawler  
  34  6:06  Spore Crawler  
  34  6:08  Drone x2  
  34  6:09  Drone  
  35  6:21  Hydralisk Den  
  34  6:25  Extractor  
  34  6:26  Drone x3  
  34  6:27  Drone x2  
  34  6:29  Drone  
  39  6:33  Overlord  
  39  6:38  Overlord  
  39  6:45  Overlord  
  39  6:53  Hydralisk x3  
  45  7:01  Hydralisk  
  45  7:07  Zergling x2  
  45  7:08  Zergling x8  
  52  7:09  Zergling x2  
  53  7:15  Hydralisk  
  53  7:20  Zergling x6  
  58  7:26  Hydralisk  
  60  7:30  Zergling x4  
  62  7:38  Zergling x8  
  62  7:42  Zergling x2  
  67  7:49  Zergling x2  
  68  7:53  Baneling x5  
  68  7:57  Overlord x2  
  68  7:58  Overlord  
  68  8:05  Baneling x2  
  68  8:10  Baneling  
  68  8:19  Zergling x2  
  70  8:20  Zergling x12  
  71  8:38  Drone x3, Extractor  
  71  8:39  Drone x2, Extractor  
  74  8:45  Overseer  
  74  8:49  Drone  
  74  8:50  Drone x3  
  74  8:52  Hatchery  
  77  9:04  Drone  
  77  9:05  Drone  
  77  9:06  Overlord  
  77  9:09  Drone x2  
  81  9:10  Drone, Spire  
  81  9:32  Drone  
  81  9:33  Drone x2  
  84  9:45  Spore Crawler, Drone  
  84  9:47  Drone, Spore Crawler  
  84  9:50  Drone x2  
  84  9:51  Drone, Extractor  
  85  10:25  Spore Crawler  
  85  10:26  Mutalisk  
  85  10:27  Mutalisk x6  
  98  10:28  Overlord  
  98  10:29  Overlord  
  98  10:34  Spore Crawler  
  97  10:39  Overlord x2  
  97  10:46  Mutalisk x3  
  97  10:47  Mutalisk  
  104  10:54  Mutalisk  
  105  10:58  Drone x3  
  105  10:59  Extractor  
  105  11:01  Drone x5  
  112  11:04  Mutalisk  
  112  11:11  Mutalisk  
  114  11:18  Mutalisk  
  118  11:27  Mutalisk  
  120  11:41  Mutalisk x2  
  122  11:55  Mutalisk x2  
  122  11:56  Zergling x6  
  122  11:57  Zergling x2  
  122  11:58  Zergling x2  
  122  11:59  Zergling x2  
  130  12:18  Overlord x2  
  130  12:19  Overlord x2  
  130  12:39  Mutalisk  
  138  12:44  Baneling x4  
  138  12:45  Baneling x4  
Tags
 
Add a new tag
Caveats
  • Supply blocks, unpowered buildings, or Contaminate may cause inaccurate times.
  • Supply counts are checked every 10 seconds.